 Dungeon Sprint DCSS version 0.26-b1-32-g5d43845318 (webtiles) character file.

Game seed: 7738016283173876986

3000000 scsoc the Axe Maniac (level 23, -63/360 HPs)
             Began as a Hill Orc Berserker on Jan 6, 2021.
             Annihilated by a large bag of meat
             ... wielding a +9 giant spiked club
              (98 damage)
             ... in the Dungeon (Sprint VIII: "Arena of Blood").
             The game lasted 00:03:05 (30 turns).

scsoc the Axe Maniac (Hill Orc Berserker)             Turns: 30, Time: 00:03:06

Health: -63/360    AC:  4    Str: 30    XL:     23   Next: 17%
Magic:  19/38      EV: 26    Int:  7    God:
Gold:   0          SH:  0    Dex: 10    Spells: 45/45 levels left

rFire    . . .     SeeInvis .   i - +∞ Axe of Woe
rCold    . . .     Faith    .   (shield currently unavailable)
rNeg     . . .     Spirit   .   b - +0 animal skin
rPois    .         Reflect  .   (no helmet)
rElec    .         Harm     .   (no cloak)
rCorr    .         Rampage  .   (no gloves)
Will     +....     NoTele   +   (no boots)
Stlth    ..........             (no amulet)
HPRegen  0.70/turn              j - +30 ring of slaying
MPRegen  0.26/turn              k - +30 ring of slaying

@: berserking, very quick
A: no striking features
a: no special abilities


You were in the Dungeon.
You visited 1 branch

Inventory:

Hand Weapons
 a - a +0 hand axe
 i - the +∞ Axe of Woe (weapon)
   (You found it in the Dungeon)
Armour
 b - a +0 animal skin (worn)
Jewellery
 j - a +30 ring of slaying (left hand)
 k - a +30 ring of slaying (right hand)
Scrolls
 h - a scroll of blinking
Potions
 c - a potion of curing
 d - a potion of heal wounds
 e - a potion of haste
 f - 2 potions of magic


   Skills:
 O Level 27 Fighting
 + Level 14.6(16.4) Short Blades
 + Level 14.0(16.8) Long Blades
 O Level 27 Axes
 + Level 14.0(21.5) Maces & Flails
 + Level 14.0(21.5) Polearms
 + Level 12.0(15.5) Staves
 + Level 13.6(15.7) Slings
 + Level 13.6 Bows
 + Level 13.6 Crossbows
 + Level 13.6(15.7) Throwing
 O Level 27 Armour
 O Level 27 Dodging
 + Level 13.6 Stealth
 + Level 15.8 Shields
 + Level 15.8 Unarmed Combat
 + Level 11.7 Spellcasting
 + Level 14.6 Conjurations
 + Level 14.6 Hexes
 + Level 14.7 Summonings
 + Level 14.6 Necromancy
 + Level 12.6 Translocations
 + Level 11.7 Transmutations
 + Level 15.8 Fire Magic
 + Level 13.6 Ice Magic
 + Level 12.6 Air Magic
 + Level 14.7 Earth Magic
 + Level 13.6 Poison Magic
 + Level 18.3 Invocations
 + Level 14.6 Evocations


You had 45 spell levels left.
You didn't know any spells.
Your spell library was empty.

Dungeon Overview and Level Annotations

Branches:
Dungeon (1/1)

Altars:
Makhleb

Annotations:
D The Servant


Message History

A red film seems to cover your vision as you go berserk!
You feel yourself moving faster!
You feel mighty!
You hear a shout! x8
A bag of meat comes into view. It is wielding a +9 war axe.
The destroyer blinks!
A bag of meat comes into view. It is wielding a +9 war axe.
The bag of meat is engulfed in blazing flames.
The meat berserker rages.
The bag of meat hits you with a +9 war axe!!
* * * LOW HITPOINT WARNING * * *
The destroyer blinks!
The meat berserker hits you with a +9 battleaxe!!
* * * LOW HITPOINT WARNING * * *
You hear a shout!
The bag of meat completely misses you.
The large bag of meat is engulfed in blazing flames.
The large bag of meat hits you with a +9 giant spiked club!
* * * LOW HITPOINT WARNING * * *
The large bag of meat hits you with a +9 giant spiked club!!!!
You die... ..........#.#. ..o.o......... .§o........@. ..o......... ...........
Ooo.......

#§o..V..# ..
#)o.§...#
...###V@OOo..###.
.....§°Oo###...§..
.#....§o.._......
.....o.#.....#..
......O#_.<._#
.......#.....#
.#........_.....
..V.....###......
..o###... ..###.


You could see The Servant, 3 destroyers, 2 large bags of meat, 3 meat berserkers
and 12 bags of meat.

Vanquished Creatures
  A vampire knight (D)
  8 ogres (D)
  A two-headed ogre (D)
  18 orcs (D)
28 creatures vanquished.

Notes
Turn   | Place    | Note
-------+----------+-------------------------------------------
     0 | D        | Found the +∞ Axe of Woe
     0 | D        | scsoc the Hill Orc Berserker began the quest for the Orb.
     0 | D        | Reached XP level 1. HP: 19/19 MP: 1/1
     2 | D        | Noticed a bag of meat
     2 | D        | Noticed a bag of meat
     4 | D        | Noticed a bag of meat
     4 | D        | Noticed a bag of meat
     4 | D        | Noticed a bag of meat
     4 | D        | Noticed a bag of meat
     5 | D        | Noticed a bag of meat
     6 | D        | Noticed a bag of meat
     6 | D        | Noticed a bag of meat
     7 | D        | Killed a bag of meat
     8 | D        | Reached XP level 2. HP: 57/57 MP: 2/2
     8 | D        | Reached XP level 3. HP: 64/64 MP: 3/3
     8 | D        | Reached XP level 4. HP: 72/72 MP: 4/4
     8 | D        | Reached XP level 5. HP: 80/80 MP: 5/5
     8 | D        | Reached XP level 6. HP: 88/88 MP: 6/6
     8 | D        | Reached XP level 7. HP: 95/95 MP: 7/7
     8 | D        | Reached XP level 8. HP: 103/103 MP: 8/8
     8 | D        | Reached XP level 9. HP: 111/111 MP: 9/9
     8 | D        | Reached XP level 10. HP: 118/118 MP: 10/10
     8 | D        | Reached XP level 11. HP: 126/126 MP: 11/11
     8 | D        | Reached XP level 12. HP: 134/134 MP: 12/12
     8 | D        | Noticed a bag of meat
     8 | D        | Noticed a bag of meat
     8 | D        | Noticed a bag of meat
     9 | D        | Killed a bag of meat
     9 | D        | Reached ** piety under Trog
     9 | D        | Killed a bag of meat
     9 | D        | Noticed a bag of meat
    10 | D        | Reached skill level 27 in Axes
    10 | D        | Reached skill level 10 in Dodging
    10 | D        | Reached XP level 13. HP: 154/154 MP: 13/13
    10 | D        | Reached XP level 14. HP: 162/162 MP: 14/14
    10 | D        | Killed a bag of meat
    10 | D        | Killed a bag of meat
    10 | D        | Noticed a meat berserker
    11 | D        | Reached skill level 27 in Fighting
    11 | D        | Reached XP level 15. HP: 174/174 MP: 15/15
    11 | D        | Reached *** piety under Trog
    11 | D        | Noticed a meat berserker
    13 | D        | Reached XP level 16. HP: 183/183 MP: 16/16
    15 | D        | Killed a meat berserker
    15 | D        | Reached **** piety under Trog
    16 | D        | Reached skill level 27 in Armour
    16 | D        | Reached XP level 17. HP: 191/191 MP: 17/17
    16 | D        | Noticed a meat berserker
    17 | D        | Noticed a meat berserker
    17 | D        | Noticed a meat berserker
    18 | D        | Noticed a destroyer
    19 | D        | Noticed a meat berserker
    20 | D        | Killed a meat berserker
    20 | D        | Reached ***** piety under Trog
    21 | D        | Reached skill level 27 in Dodging
    21 | D        | Reached XP level 18. HP: 182/200 MP: 18/18
    21 | D        | Noticed a meat berserker
    21 | D        | Noticed a meat berserker
    22 | D        | Noticed a large bag of meat
    23 | D        | Fell from the grace of Trog
    23 | D        | Reached skill level 5 in Slings
    23 | D        | Reached skill level 5 in Bows
    23 | D        | Reached skill level 5 in Crossbows
    23 | D        | Reached skill level 5 in Throwing
    23 | D        | Reached skill level 5 in Stealth
    23 | D        | Reached skill level 5 in Translocations
    23 | D        | Reached skill level 5 in Ice Magic
    23 | D        | Reached skill level 5 in Air Magic
    23 | D        | Reached skill level 5 in Poison Magic
    23 | D        | Reached XP level 19. HP: 189/207 MP: 18/26
    23 | D        | Killed a meat berserker
    23 | D        | Killed a meat berserker
    23 | D        | Killed a destroyer
    24 | D        | Reached skill level 10 in Short Blades
    24 | D        | Reached skill level 10 in Conjurations
    24 | D        | Reached skill level 10 in Hexes
    24 | D        | Reached skill level 10 in Summonings
    24 | D        | Reached skill level 10 in Necromancy
    24 | D        | Reached skill level 10 in Earth Magic
    24 | D        | Reached skill level 10 in Evocations
    24 | D        | Reached XP level 20. HP: 197/216 MP: 18/31
    25 | D        | Reached skill level 10 in Long Blades
    25 | D        | Reached skill level 10 in Maces & Flails
    25 | D        | Reached skill level 10 in Polearms
    25 | D        | Killed a meat berserker
    25 | D        | Killed a meat berserker
    25 | D        | Noticed a large bag of meat
    25 | D        | Noticed a large bag of meat
    26 | D        | Reached skill level 10 in Staves
    26 | D        | Reached skill level 10 in Translocations
    26 | D        | Reached skill level 10 in Air Magic
    26 | D        | Reached skill level 15 in Invocations
    26 | D        | Reached XP level 21. HP: 145/224 MP: 18/34
    26 | D        | Noticed a meat berserker
    27 | D        | Reached skill level 10 in Spellcasting
    27 | D        | Reached skill level 10 in Transmutations
    27 | D        | Noticed a destroyer
    27 | D        | Killed a large bag of meat
    27 | D        | Noticed a meat berserker
    28 | D        | Reached XP level 22. HP: 118/233 MP: 18/36
    28 | D        | Noticed a destroyer
    29 | D        | Noticed The Servant
    30 | D        | Reached skill level 15 in Shields
    30 | D        | Reached skill level 15 in Unarmed Combat
    30 | D        | Reached skill level 15 in Fire Magic
    30 | D        | Reached XP level 23. HP: 71/240 MP: 19/38
    30 | D        | Annihilated by a large bag of meat

Illustrated notes

Levels and vault maps discovered:
D:        meatsprint

Skill      XL: |  1  2  3  4  5  6  7  8  9 10 11 12 13 14 15 16 17 18 19 20 21 22 |
---------------+-------------------------------------------------------------------+-----
Fighting       | 20 25 27 | 27.0
Axes           | 22 27 | 27.0
Armour         | 11 13 18 24 27 | 27.0
Dodging        | 8 10 14 19 22 27 | 27.0
Short Blades   | 6 10 12 13 14 | 14.6
Long Blades    | 6 9 11 12 14 | 14.0
Maces & Flails | 6 9 11 12 14 | 14.0
Polearms       | 6 9 11 12 14 | 14.0
Staves         | 4 8 10 12 | 12.0
Slings         | 5 9 11 12 13 | 13.6
Bows           | 5 9 11 12 13 | 13.6
Crossbows      | 5 9 11 12 13 | 13.6
Throwing       | 5 9 11 12 13 | 13.6
Stealth        | 5 9 11 12 13 | 13.6
Shields        | 7 11 13 14 15 | 15.8
Unarmed Combat | 7 11 13 14 15 | 15.8
Spellcasting   | 4 7 9 10 11 | 11.7
Conjurations   | 6 10 12 13 14 | 14.6
Hexes          | 6 10 12 13 14 | 14.6
Summonings     | 6 10 12 13 14 | 14.7
Necromancy     | 6 10 12 13 14 | 14.6
Translocations | 5 8 10 11 12 | 12.6
Transmutations | 4 7 9 10 11 | 11.7
Fire Magic     | 7 11 13 14 15 | 15.8
Ice Magic      | 5 9 11 12 13 | 13.6
Air Magic      | 5 8 10 11 12 | 12.6
Earth Magic    | 6 10 12 13 14 | 14.7
Poison Magic   | 5 9 11 12 13 | 13.6
Invocations    | 8 12 15 16 18 | 18.3
Evocations     | 6 10 12 13 14 | 14.6

Action                   |  1- 3 |  4- 6 |  7- 9 | 10-12 | 13-15 | 16-18 | 19-21 | 22-24 || total
-------------------------+-------+-------+-------+-------+-------+-------+-------+-------++-------
Melee: Executioner's axe |     1 |       |       |     1 |     3 |     5 |     5 |     1 ||    16
  Use: Potion            |       |       |       |       |       |       |       |     1 ||     1
Dodge: Dodged            |       |       |       |       |       |       |       |     2 ||     2
